[Event "XVI Memorial Lezcano Montalvo 2024"]
[Site "Gran Canaria"]
[Date "2024.03.23"]
[Round "1.16"]
[White "Julien Casteleiro, Ariel"]
[Black "Loiacono, Leonardo"]
[Result "0-1"]
[ECO "E08"]
[WhiteElo "1739"]
[BlackElo "2316"]
[Annotator "RC"]
[PlyCount "57"]
[EventDate "2024.03.23"]
[EventType "swiss"]
[EventCountry "ESP"]
[SourceTitle "playchess.com"]
[Source "ChessBase"]
[SourceQuality "1"]
[TimeControl "5400+30"]

1. d4 e6 2. c4 d5 3. Nf3 Be7 4. g3 Nf6 5. Bg2 c6 6. Qc2 b6 7. O-O Bb7 8. Rd1 Nbd7 9. Bf4 Rc8 10. Nc3 O-O 11. Ne5 Nh5 12. Bc1 g6 13. Bh6 Ng7 14. e4 Qc7 15. exd5 Nxe5 16. dxe5 exd5 17. cxd5 Qxe5 18. Re1 Qc7 19. dxc6 Bxc6 20. Bxc6 Qxc6 21. Bxg7 Rfe8 22. Bd4 Bf6 23. Bxf6 Qxf6 24. Rxe8+ Rxe8 25. Rd1 Qf3 26. Qd2 Rc8 27. Qd3 Qg4 28. Qd4 Qh5 29. Nd5 0-1

[Event "XVI Memorial Lezcano Montalvo 2024"]
[Site "Gran Canaria"]
[Date "2024.03.23"]
[Round "1.17"]
[White "Oudeh Mishmesh, Omar"]
[Black "Ascension Suarez, Joel"]
[Result "1-0"]
[ECO "A18"]
[WhiteElo "2301"]
[BlackElo "1731"]
[Annotator "RC"]
[PlyCount "55"]
[EventDate "2024.03.23"]
[EventType "swiss"]
[EventCountry "ESP"]
[SourceTitle "playchess.com"]
[Source "ChessBase"]
[SourceQuality "1"]
[TimeControl "5400+30"]

1. c4 e6 2. Nc3 Nf6 3. e4 d6 4. d4 Be7 5. Nf3 Nbd7 6. Bf4 h6 7. Bd3 Nh5 8. Be3 e5 9. d5 Nf4 10. Bf1 Nf6 11. h3 Bd7 12. Qd2 Ng6 13. Be2 Qc8 14. Rc1 a6 15. Bd3 Nh5 16. Ne2 c5 17. g4 Nf6 18. Ng3 h5 19. g5 Ng8 20. Nf5 Bf8 21. b4 b6 22. bxc5 bxc5 23. Rb1 Bxf5 24. exf5 N6e7 25. Nh4 f6 26. g6 Nh6 27. Bxh6 Rxh6 28. Ke2 1-0

[Event "XVI Memorial Lezcano Montalvo 2024"]
[Site "Gran Canaria"]
[Date "2024.03.23"]
[Round "1.18"]
[White "Delgado Armas, Francisco David"]
[Black "Van Zyl-Rudd, Jack"]
[Result "0-1"]
[ECO "B50"]
[WhiteElo "1726"]
[BlackElo "2264"]
[Annotator "RC"]
[PlyCount "72"]
[EventDate "2024.03.23"]
[EventType "swiss"]
[EventCountry "ESP"]
[SourceTitle "playchess.com"]
[Source "ChessBase"]
[SourceQuality "1"]
[TimeControl "5400+30"]

1. e4 c5 2. Nf3 d6 3. Bc4 Nf6 4. Nc3 e6 5. d3 Nc6 6. a3 Be7 7. O-O O-O 8. Re1 a6 9. Bd2 b5 10. Ba2 Bb7 11. Ne2 Rc8 12. c3 Ne5 13. Nxe5 dxe5 14. Bb1 Qc7 15. f3 Rfd8 16. Be3 Nd7 17. Qd2 Nb6 18. Ba2 Nc4 19. Bxc4 bxc4 20. d4 cxd4 21. cxd4 exd4 22. Bg5 f6 23. Bh4 c3 24. bxc3 dxc3 25. Qc2 Bd6 26. Bg3 Bxg3 27. Nxg3 Qc4 28. Red1 Rxd1+ 29. Rxd1 Bc6 30. Rb1 Ba4 31. Qc1 c2 32. Rb7 Qd4+ 33. Kf1 Qd1+ 34. Qxd1 cxd1=Q+ 35. Kf2 Qd2+ 36. Ne2 Bb5 0-1

[Event "XVI Memorial Lezcano Montalvo 2024"]
[Site "Gran Canaria"]
[Date "2024.03.23"]
[Round "1.19"]
[White "Fiorito, Fabian"]
[Black "Matos Espino, Carlos Silverio"]
[Result "1-0"]
[ECO "B30"]
[WhiteElo "2251"]
[BlackElo "1726"]
[Annotator "RC"]
[PlyCount "87"]
[EventDate "2024.03.23"]
[EventType "swiss"]
[EventCountry "ESP"]
[SourceTitle "playchess.com"]
[Source "ChessBase"]
[SourceQuality "1"]
[TimeControl "5400+30"]

1. e4 c5 2. Nf3 Nc6 3. Bb5 e6 4. O-O Nf6 5. Bxc6 bxc6 6. d3 Be7 7. Qe2 O-O 8. e5 Nd5 9. c4 Nb6 10. Nc3 Qc7 11. Bf4 f6 12. exf6 Qxf4 13. fxe7 Re8 14. Ne4 Rxe7 15. Nxc5 d6 16. Ne4 d5 17. g3 Qc7 18. Nc3 e5 19. cxd5 cxd5 20. Rac1 Qb7 21. Nd2 Bf5 22. Nb3 Rc8 23. Rfe1 Qa6 24. d4 Qxe2 25. Rxe2 e4 26. Nc5 Bg4 27. Ree1 Rf7 28. b3 h5 29. a4 a5 30. Rc2 h4 31. Nd1 hxg3 32. fxg3 Rf3 33. Ne3 Bh3 34. Rf2 Rcf8 35. Rxf3 exf3 36. Kf2 Bc8 37. h4 Kh7 38. Nd1 Nd7 39. Ne6 Rf6 40. Ng5+ Kh6 41. Re8 Rf8 42. Rxf8 Nxf8 43. Ne3 Ne6 44. Nf5+ 1-0

[Event "XVI Memorial Lezcano Montalvo 2024"]
[Site "Gran Canaria"]
[Date "2024.03.23"]
[Round "1.20"]
[White "Camara Bordon, Luis Marcos"]
[Black "Perez Guerra, Raul"]
[Result "0-1"]
[ECO "C01"]
[WhiteElo "1718"]
[BlackElo "2250"]
[Annotator "RC"]
[PlyCount "75"]
[EventDate "2024.03.23"]
[EventType "swiss"]
[EventCountry "ESP"]
[SourceTitle "playchess.com"]
[Source "ChessBase"]
[SourceQuality "1"]
[TimeControl "5400+30"]

1. e4 e6 2. d4 d5 3. exd5 exd5 4. c4 Nf6 5. Nc3 Be7 6. Nf3 O-O 7. Bd3 dxc4 8. Bxc4 Nbd7 9. O-O Nb6 10. Be2 c6 11. Bf4 Bg4 12. Ne5 Bxe2 13. Nxe2 Nbd5 14. Bg5 h6 15. Bh4 Qb6 16. a4 a5 17. Qc2 Rad8 18. Nc4 Qa6 19. Rfc1 Nc7 20. Qf5 Rd5 21. Qf3 Ne6 22. Bxf6 Bxf6 23. Ra3 Nxd4 24. Nxd4 Rxd4 25. Ne3 Rfd8 26. Nf5 Rd3 27. Qg4 Kh8 28. Qh5 R8d5 29. g4 Rd1+ 30. Rxd1 Rxd1+ 31. Kg2 Qf1+ 32. Kg3 Be5+ 33. Kf3 Qh1+ 34. Ke3 Re1+ 35. Kd2 Bf4+ 36. Ne3 Qf1 37. Qh4 Rd1+ 38. Kc2 0-1

[Event "XVI Memorial Lezcano Montalvo 2024"]
[Site "Gran Canaria"]
[Date "2024.03.23"]
[Round "1.21"]
[White "Damia, Angelo"]
[Black "Vlajkov, Milenko"]
[Result "1-0"]
[ECO "C28"]
[WhiteElo "2240"]
[BlackElo "1716"]
[Annotator "RC"]
[PlyCount "81"]
[EventDate "2024.03.23"]
[EventType "swiss"]
[EventCountry "ESP"]
[SourceTitle "playchess.com"]
[Source "ChessBase"]
[SourceQuality "1"]
[TimeControl "5400+30"]

1. e4 e5 2. Nc3 Nc6 3. Bc4 Nf6 4. d3 d6 5. f4 exf4 6. Bxf4 Be7 7. Nf3 O-O 8. Qd2 Na5 9. Bd5 c6 10. Bb3 Nxb3 11. axb3 d5 12. e5 Nh5 13. Be3 Bh4+ 14. g3 Be7 15. Qg2 Bg4 16. d4 Bxf3 17. Qxf3 g6 18. Bh6 Ng7 19. O-O Bg5 20. Bxg7 Kxg7 21. Kg2 f5 22. h4 Bh6 23. Ne2 f4 24. Qg4 fxg3 25. Nxg3 Kg8 26. Nh5 Bg7 27. Nf4 Qe7 28. Qe6+ Qxe6 29. Nxe6 Rxf1 30. Kxf1 Re8 31. Nxg7 Kxg7 32. Rxa7 Re7 33. Kf2 h6 34. b4 g5 35. hxg5 hxg5 36. Kg3 Kg6 37. Kg4 Rh7 38. c3 Rh4+ 39. Kg3 Rh7 40. Ra1 Kf5 41. Rf1+ 1-0

[Event "XVI Memorial Lezcano Montalvo 2024"]
[Site "Gran Canaria"]
[Date "2024.03.23"]
[Round "1.23"]
[White "Estremera Panos, Sergio"]
[Black "Fernandez Hernandez, Javier"]
[Result "1-0"]
[ECO "D55"]
[WhiteElo "2233"]
[BlackElo "1690"]
[Annotator "RC"]
[PlyCount "85"]
[EventDate "2024.03.23"]
[EventType "swiss"]
[EventCountry "ESP"]
[SourceTitle "playchess.com"]
[Source "ChessBase"]
[SourceQuality "1"]
[TimeControl "5400+30"]

1. d4 d5 2. c4 e6 3. Nf3 Be7 4. Nc3 Nf6 5. Bg5 O-O 6. e3 a6 7. Qc2 dxc4 8. Bxc4 h6 9. Bxf6 Bxf6 10. Rc1 Nd7 11. Rd1 Qe8 12. O-O c6 13. Ne4 Be7 14. Ne5 Nb6 15. Bd3 Nd5 16. a3 f5 17. Nd2 Bd6 18. Ndc4 Bc7 19. g3 Rf6 20. e4 Ne7 21. f4 b5 22. Nd2 Bb6 23. Nb3 fxe4 24. Bxe4 Nd5 25. Rfe1 Bd7 26. Bh7+ Kh8 27. Bg6 Qc8 28. Rc1 a5 29. Nc5 Be8 30. Bxe8 Qxe8 31. Ned7 Bxc5 32. Nxc5 Qf7 33. Nd3 Rc8 34. Ne5 Qe8 35. Qe4 b4 36. Rc5 bxa3 37. bxa3 a4 38. Rec1 Ne7 39. Nxc6 Nxc6 40. Rxc6 Rxc6 41. Rxc6 Qd7 42. Ra6 g6 43. Qa8+ 1-0

[Event "XVI Memorial Lezcano Montalvo 2024"]
[Site "Gran Canaria"]
[Date "2024.03.23"]
[Round "1.24"]
[White "Garcia Almeida, Valeria"]
[Black "Hernandez Leon, Alberto"]
[Result "0-1"]
[ECO "A31"]
[WhiteElo "1682"]
[BlackElo "2207"]
[Annotator "RC"]
[PlyCount "62"]
[EventDate "2024.03.23"]
[EventType "swiss"]
[EventCountry "ESP"]
[SourceTitle "playchess.com"]
[Source "ChessBase"]
[SourceQuality "1"]
[TimeControl "5400+30"]

1. c4 g6 2. d4 Bg7 3. Nf3 c5 4. Nc3 Nf6 5. e4 cxd4 6. Nxd4 d6 7. g3 O-O 8. Bg2 Bg4 9. Nde2 Nc6 10. O-O Qd7 11. Qc2 Rac8 12. Re1 Ne5 13. b3 b5 14. Bf4 bxc4 15. Bxe5 dxe5 16. bxc4 Rxc4 17. Qb3 Rfc8 18. Rad1 Qc7 19. Nb5 Qc5 20. Na3 Bxe2 21. Rxe2 Rc3 22. Rc2 Rxc2 23. Nxc2 Qxc2 24. Rd8+ Bf8 25. Rxc8 Qxc8 26. Qa3 Qb7 27. Qc5 Qb1+ 28. Bf1 Nxe4 29. Qxe5 Nd2 30. Qe2 Nxf1 31. Qxf1 Qxa2 0-1

[Event "XVI Memorial Lezcano Montalvo 2024"]
[Site "Gran Canaria"]
[Date "2024.03.23"]
[Round "1.25"]
[White "Marrero Rodriguez, Jorge"]
[Black "Vargas Tinoco, Martin Alonso"]
[Result "1-0"]
[ECO "D10"]
[WhiteElo "2177"]
[BlackElo "1681"]
[Annotator "RC"]
[PlyCount "89"]
[EventDate "2024.03.23"]
[EventType "swiss"]
[EventCountry "ESP"]
[SourceTitle "playchess.com"]
[Source "ChessBase"]
[SourceQuality "1"]
[TimeControl "5400+30"]

1. d4 d5 2. c4 c6 3. cxd5 cxd5 4. Nc3 e6 5. Bf4 Bd6 6. Bxd6 Qxd6 7. Rc1 Nc6 8. Nf3 f5 9. e3 a6 10. Na4 Nf6 11. Nc5 O-O 12. Be2 b6 13. Nd3 Bb7 14. O-O Rac8 15. Nfe5 Rc7 16. Qa4 Rfc8 17. Nxc6 Rxc6 18. Rxc6 Qxc6 19. Qa3 Qe8 20. Ne5 b5 21. Qd6 Ne4 22. Qb6 Qe7 23. a4 bxa4 24. Bxa6 Rc7 25. Qa5 Bxa6 26. Qxa6 g6 27. Qxa4 Kg7 28. Nd3 Rc4 29. Qa8 Qc7 30. Ra1 Qc8 31. Qxc8 Rxc8 32. f3 Nd2 33. Ra7+ Kh6 34. Nc5 Rb8 35. Rb7 Rxb7 36. Nxb7 Nc4 37. b4 Kg7 38. Na5 Nb6 39. Kf2 Kf6 40. Ke2 e5 41. b5 e4 42. f4 Ke6 43. Kd2 Kd7 44. Kc3 Nc4 45. Nxc4 1-0

[Event "XVI Memorial Lezcano Montalvo 2024"]
[Site "Gran Canaria"]
[Date "2024.03.23"]
[Round "1.26"]
[White "Macias Reyes, Jose Luis"]
[Black "Hernandez Leon, Sergio"]
[Result "0-1"]
[ECO "D02"]
[WhiteElo "1677"]
[BlackElo "2172"]
[Annotator "RC"]
[PlyCount "50"]
[EventDate "2024.03.23"]
[EventType "swiss"]
[EventCountry "ESP"]
[SourceTitle "playchess.com"]
[Source "ChessBase"]
[SourceQuality "1"]
[TimeControl "5400+30"]

1. d4 Nf6 2. Bf4 e6 3. e3 c5 4. c3 Nc6 5. Nf3 d5 6. Nbd2 Bd6 7. Bg3 O-O 8. Bd3 b6 9. Ne5 Bb7 10. f4 Ne7 11. Qf3 Nf5 12. Bf2 Be7 13. g4 Nd6 14. Bh4 Nfe4 15. Bxe7 Qxe7 16. Bxe4 dxe4 17. Qf2 cxd4 18. cxd4 Rac8 19. b3 Ba6 20. Nec4 Nxc4 21. bxc4 Bxc4 22. Nxc4 Rxc4 23. O-O Rfc8 24. Qg2 Rc2 25. Qxe4 Qh4 0-1

[Event "XVI Memorial Lezcano Montalvo 2024"]
[Site "Gran Canaria"]
[Date "2024.03.23"]
[Round "1.27"]
[White "Gonzalez Martinez, Miguel Angel"]
[Black "Matos Guedes, Silverio"]
[Result "1-0"]
[ECO "C64"]
[WhiteElo "2158"]
[BlackElo "1675"]
[Annotator "RC"]
[PlyCount "46"]
[EventDate "2024.03.23"]
[EventType "swiss"]
[EventCountry "ESP"]
[SourceTitle "playchess.com"]
[Source "ChessBase"]
[SourceQuality "1"]
[TimeControl "5400+30"]

1. e4 e5 2. Nf3 Nc6 3. Bb5 Bc5 4. c3 d6 5. d4 exd4 6. cxd4 Bb4+ 7. Nc3 Bd7 8. O-O Nge7 9. Bg5 h6 10. Bh4 Bxc3 11. bxc3 g5 12. Bg3 a6 13. Bc4 Bg4 14. Qb3 O-O 15. Bd3 d5 16. Ne5 Nxe5 17. Bxe5 f6 18. Bg3 Kg7 19. Qxb7 dxe4 20. Bxe4 Rc8 21. Rfe1 c6 22. Bf3 Bd7 23. Bd6 Re8 1-0

[Event "XVI Memorial Lezcano Montalvo 2024"]
[Site "Gran Canaria"]
[Date "2024.03.23"]
[Round "1.28"]
[White "Roca Marrero, Fernando"]
[Black "Marrero Cardenes, Agustin"]
[Result "0-1"]
[ECO "D02"]
[WhiteElo "1666"]
[BlackElo "2093"]
[Annotator "RC"]
[PlyCount "56"]
[EventDate "2024.03.23"]
[EventType "swiss"]
[EventCountry "ESP"]
[SourceTitle "playchess.com"]
[Source "ChessBase"]
[SourceQuality "1"]
[TimeControl "5400+30"]

1. d4 Nf6 2. Nf3 e6 3. Bf4 c5 4. e3 d5 5. Nbd2 Nc6 6. c3 Bd6 7. Ne5 Qc7 8. Ndf3 Nd7 9. Nxf7 Kxf7 10. Ng5+ Ke7 11. Nxe6 Kxe6 12. Qg4+ Kf7 13. Qh5+ Kf8 14. Qxd5 Bxf4 15. Bc4 Nf6 16. Qxc5+ Bd6 17. Qg5 Nxd4 18. O-O-O Qxc4 19. Rxd4 Qc5 20. Qh4 Be6 21. Rhd1 Be7 22. Qg3 Kf7 23. Qf3 b5 24. Kb1 Rhd8 25. Qb7 Rxd4 26. Rxd4 Rc8 27. Qf3 a5 28. Qd1 Qf5+ 0-1

[Event "XVI Memorial Lezcano Montalvo 2024"]
[Site "Gran Canaria"]
[Date "2024.03.23"]
[Round "1.29"]
[White "Lopez Pereyra, Antonio"]
[Black "John, Linnea"]
[Result "1-0"]
[ECO "B36"]
[WhiteElo "2069"]
[BlackElo "1663"]
[Annotator "RC"]
[PlyCount "72"]
[EventDate "2024.03.23"]
[EventType "swiss"]
[EventCountry "ESP"]
[SourceTitle "playchess.com"]
[Source "ChessBase"]
[SourceQuality "1"]
[TimeControl "5400+30"]

1. e4 c5 2. Nf3 Nc6 3. d4 cxd4 4. Nxd4 g6 5. c4 Nf6 6. Nc3 Nxd4 7. Qxd4 d6 8. Be2 Bg7 9. Bg5 O-O 10. Qd2 Be6 11. Rc1 Qa5 12. f3 Rfc8 13. b3 a6 14. Na4 Qxd2+ 15. Kxd2 Rc6 16. Be3 Rac8 17. Nb6 Rd8 18. a4 Nd7 19. Nd5 Bxd5 20. cxd5 Rcc8 21. b4 Bb2 22. Rc2 Rxc2+ 23. Kxc2 Bg7 24. Kb3 Rc8 25. Rc1 Rxc1 26. Bxc1 Ne5 27. Be3 h5 28. b5 axb5 29. Bxb5 h4 30. h3 Bf6 31. f4 Kf8 32. fxe5 Bxe5 33. a5 e6 34. Bc6 bxc6 35. a6 cxd5 36. a7 Ke8 1-0

[Event "XVI Memorial Lezcano Montalvo 2024"]
[Site "Gran Canaria"]
[Date "2024.03.23"]
[Round "1.30"]
[White "Sanchez Arencibia, Heriberto"]
[Black "Perez Bolanos, David"]
[Result "0-1"]
[ECO "D03"]
[WhiteElo "1636"]
[BlackElo "2053"]
[Annotator "RC"]
[PlyCount "64"]
[EventDate "2024.03.23"]
[EventType "swiss"]
[EventCountry "ESP"]
[SourceTitle "playchess.com"]
[Source "ChessBase"]
[SourceQuality "1"]
[TimeControl "5400+30"]

1. d4 d5 2. Nf3 Nf6 3. Bg5 Ne4 4. Bf4 c5 5. e3 Qb6 6. Qc1 Nc6 7. c3 e6 8. Nbd2 Nxd2 9. Qxd2 c4 10. Be2 Be7 11. O-O O-O 12. Ne5 Nxe5 13. Bxe5 Qc6 14. Rae1 b5 15. a3 a5 16. Bf3 f5 17. g4 b4 18. Kh1 bxa3 19. bxa3 Bxa3 20. Rg1 Bd6 21. gxf5 Bxe5 22. dxe5 Rxf5 23. Bg4 Rf7 24. Rg3 a4 25. f3 a3 26. e4 Bb7 27. Bh5 Re7 28. Reg1 Qd7 29. Qc2 dxe4 30. Rh3 a2 31. Ra1 Qd3 32. Rxa2 Qf1# 0-1

[Event "XVI Memorial Lezcano Montalvo 2024"]
[Site "Gran Canaria"]
[Date "2024.03.23"]
[Round "1.32"]
[White "Richter, Anastasia"]
[Black "Lizzul Coppe, Mirko"]
[Result "0-1"]
[ECO "B53"]
[WhiteElo "1614"]
[BlackElo "2027"]
[Annotator "RC"]
[PlyCount "83"]
[EventDate "2024.03.23"]
[EventType "swiss"]
[EventCountry "ESP"]
[SourceTitle "playchess.com"]
[Source "ChessBase"]
[SourceQuality "1"]
[TimeControl "5400+30"]

1. e4 c5 2. Nf3 d6 3. d4 cxd4 4. Qxd4 Nf6 5. Nc3 a6 6. Bg5 Nc6 7. Qd3 Bd7 8. O-O-O Rc8 9. Kb1 b5 10. Nd5 e6 11. e5 exd5 12. exf6 gxf6 13. Bh4 Be6 14. a3 Ne5 15. Qe3 Be7 16. Nd4 Qd7 17. Re1 f5 18. Bxe7 Qxe7 19. a4 O-O 20. Qg3+ Kh8 21. f4 Nc4 22. Qc3 Qf6 23. Nxe6 Qxc3 24. bxc3 fxe6 25. Rxe6 bxa4 26. Bxc4 Rxc4 27. Rxd6 Rb8+ 28. Ka2 Rxc3 29. Rc1 d4 30. Rxd4 a3 31. Ra4 Rb2+ 32. Ka1 Rcxc2 33. Rxc2 Rxc2 34. Rxa3 Rxg2 35. Ra2 Rg1+ 36. Kb2 Rg2+ 37. Kb3 Rxa2 38. Kxa2 Kg7 39. Kb3 Kh6 40. Kc4 Kh5 41. Kd5 a5 42. Kd4 0-1

[Event "XVI Memorial Lezcano Montalvo 2024"]
[Site "Gran Canaria"]
[Date "2024.03.23"]
[Round "1.33"]
[White "Mendez Acosta, Alexander Jesus"]
[Black "Monteiro Rodrigues, Carlos"]
[Result "1-0"]
[ECO "A25"]
[WhiteElo "2025"]
[BlackElo "1608"]
[Annotator "RC"]
[PlyCount "48"]
[EventDate "2024.03.23"]
[EventType "swiss"]
[EventCountry "ESP"]
[SourceTitle "playchess.com"]
[Source "ChessBase"]
[SourceQuality "1"]
[TimeControl "5400+30"]

1. c4 e5 2. Nc3 Nc6 3. g3 Nf6 4. Bg2 Bc5 5. d3 h6 6. e3 O-O 7. Nge2 a6 8. O-O d6 9. a3 Ba7 10. b4 Ne7 11. Bb2 Re8 12. d4 Ng6 13. Qc2 Rb8 14. Rfd1 Bg4 15. h3 Be6 16. c5 Qc8 17. Kh2 Bf5 18. e4 Bd7 19. dxe5 Nxe5 20. Nf4 dxc5 21. Ncd5 c6 22. Nxf6+ gxf6 23. Nh5 Qd8 24. f4 Qe7 1-0

[Event "XVI Memorial Lezcano Montalvo 2024"]
[Site "Gran Canaria"]
[Date "2024.03.23"]
[Round "1.34"]
[White "Juan Miguel, Javier"]
[Black "Sarmiento Afonso, Santiago"]
[Result "0-1"]
[ECO "A45"]
[WhiteElo "1597"]
[BlackElo "2023"]
[Annotator "RC"]
[PlyCount "78"]
[EventDate "2024.03.23"]
[EventType "swiss"]
[EventCountry "ESP"]
[SourceTitle "playchess.com"]
[Source "ChessBase"]
[SourceQuality "1"]
[TimeControl "5400+30"]

1. d4 Nf6 2. e3 e6 3. Bd3 c5 4. b3 Nc6 5. Bb2 b6 6. Nf3 Bb7 7. a3 Qc7 8. Nbd2 d6 9. c4 Be7 10. Rc1 O-O 11. O-O cxd4 12. exd4 Nh5 13. d5 Ne5 14. Nxe5 Nf4 15. Ndf3 dxe5 16. Bxe5 Bd6 17. Bb2 Qe7 18. Re1 Bxa3 19. Bxa3 Qxa3 20. Qd2 Nxd3 21. Qxd3 exd5 22. Ng5 g6 23. Qh3 h5 24. Qd7 Rab8 25. Ra1 Qc5 26. Re7 Bc6 27. Qc7 Rb7 28. Rxa7 Rxc7 29. Rexc7 Qd4 30. h4 Qxh4 31. Nxf7 Qf4 32. Rxc6 Rxf7 33. Ra8+ Kg7 34. f3 dxc4 35. Rxc4 Qe3+ 36. Kh2 Qxb3 37. Rcc8 Rd7 38. Rg8+ Qxg8 39. Rxg8+ Kxg8 0-1

[Event "XVI Memorial Lezcano Montalvo 2024"]
[Site "Gran Canaria"]
[Date "2024.03.23"]
[Round "1.35"]
[White "Bergero, Simone"]
[Black "Martinez Correa, Rafael"]
[Result "1-0"]
[ECO "D31"]
[WhiteElo "2022"]
[BlackElo "1597"]
[Annotator "RC"]
[PlyCount "115"]
[EventDate "2024.03.23"]
[EventType "swiss"]
[EventCountry "ESP"]
[SourceTitle "playchess.com"]
[Source "ChessBase"]
[SourceQuality "1"]
[TimeControl "5400+30"]

1. d4 d5 2. c4 e6 3. Nc3 a6 4. cxd5 exd5 5. Bf4 c6 6. e3 Bd6 7. Bxd6 Qxd6 8. Bd3 Ne7 9. Nge2 O-O 10. Qc2 h6 11. O-O-O Nd7 12. Nf4 c5 13. dxc5 Nxc5 14. Nfxd5 Nxd5 15. Nxd5 Nxd3+ 16. Qxd3 Bd7 17. Nc3 Qxd3 18. Rxd3 Bc6 19. f3 Rac8 20. Kb1 Rfe8 21. Rhd1 Re7 22. e4 Rce8 23. Nd5 Bxd5 24. Rxd5 Rc7 25. Rd7 Rec8 26. Rxc7 Rxc7 27. Rc1 Rd7 28. Kc2 Kf8 29. Rd1 Rc7+ 30. Kd2 Ke7 31. Rc1 Rd7+ 32. Ke3 Ke6 33. f4 f6 34. f5+ Ke7 35. Rc2 Kf7 36. g4 g6 37. h4 gxf5 38. gxf5 Rd1 39. Rc7+ Kg8 40. Rxb7 Rh1 41. Ra7 Rxh4 42. Rxa6 Kf7 43. Ra7+ Ke8 44. b4 Rh1 45. b5 Rb1 46. a4 h5 47. Rh7 Rb4 48. Kf4 h4 49. Rxh4 Rxa4 50. b6 Rb4 51. b7 Rxb7 52. Rh8+ Kd7 53. Rh7+ Kc6 54. Rxb7 Kxb7 55. e5 fxe5+ 56. Kxe5 Kc7 57. Kf6 Kd8 58. Kg7 1-0

[Event "XVI Memorial Lezcano Montalvo 2024"]
[Site "Gran Canaria"]
[Date "2024.03.23"]
[Round "1.36"]
[White "Morell Rojas, Samuel"]
[Black "Fernandez Manrique, Agustin"]
[Result "0-1"]
[ECO "B07"]
[WhiteElo "1590"]
[BlackElo "2017"]
[Annotator "RC"]
[PlyCount "72"]
[EventDate "2024.03.23"]
[EventType "swiss"]
[EventCountry "ESP"]
[SourceTitle "playchess.com"]
[Source "ChessBase"]
[SourceQuality "1"]
[TimeControl "5400+30"]

1. e4 d6 2. d4 Nf6 3. Bd3 e5 4. dxe5 dxe5 5. Nf3 Nbd7 6. O-O Be7 7. Nc3 c6 8. Be3 Ng4 9. Bc4 Nxe3 10. fxe3 O-O 11. Nd2 Bc5 12. Qf3 Nf6 13. Qg3 Qxd2 14. Rxf6 Qxe3+ 15. Qxe3 Bxe3+ 16. Rf2 Be6 17. Bd3 Rad8 18. Kf1 Bxf2 19. Kxf2 g6 20. Re1 Kg7 21. h3 b5 22. a3 h5 23. h4 f5 24. exf5 Bxf5 25. Bxf5 Rxf5+ 26. Kg3 Rd2 27. Re2 Rxe2 28. Nxe2 Kf6 29. Nc3 Rf4 30. Kh3 Kf5 31. Kg3 Rc4 32. Nd1 Re4 33. Nc3 Rd4 34. Na2 a5 35. Nc3 Rd2 36. Kf3 Rxc2 0-1

[Event "XVI Memorial Lezcano Montalvo 2024"]
[Site "Gran Canaria"]
[Date "2024.03.23"]
[Round "1.37"]
[White "Cruz Pino, Adrian"]
[Black "Lorenzo Merino, Hector"]
[Result "1-0"]
[ECO "C42"]
[WhiteElo "2015"]
[BlackElo "1586"]
[Annotator "RC"]
[PlyCount "84"]
[EventDate "2024.03.23"]
[EventType "swiss"]
[EventCountry "ESP"]
[SourceTitle "playchess.com"]
[Source "ChessBase"]
[SourceQuality "1"]
[TimeControl "5400+30"]

1. e4 d6 2. Nf3 Nf6 3. Nc3 e5 4. h3 c6 5. d4 Qc7 6. Bd3 h6 7. O-O g5 8. dxe5 dxe5 9. Nh2 Nbd7 10. Be3 Nc5 11. Qf3 Qd8 12. Rad1 Nxd3 13. Rxd3 Qe7 14. Bc5 Qe6 15. Rfd1 Bd7 16. Bxf8 g4 17. hxg4 Rxf8 18. Rd6 Qe7 19. Qxf6 Qxf6 20. Rxf6 Rh8 21. f3 Be6 22. f4 exf4 23. Rxf4 Ke7 24. Ne2 Rad8 25. Nd4 c5 26. Nf5+ Bxf5 27. Rxd8 Rxd8 28. gxf5 Rd1+ 29. Nf1 Kf6 30. Kf2 Rc1 31. Ne3 Ke5 32. Rh4 Rb1 33. Kf3 b5 34. Rxh6 f6 35. c3 Rxb2 36. g4 Rxa2 37. g5 Kd6 38. Rxf6+ Ke7 39. Nd5+ Kd8 40. g6 Ra1 41. g7 Rf1+ 42. Kg2 Kd7 1-0

[Event "XVI Memorial Lezcano Montalvo 2024"]
[Site "Gran Canaria"]
[Date "2024.03.23"]
[Round "1.38"]
[White "Mayor Viera, Aaron"]
[Black "Blanco Garcia Bajo, David"]
[Result "0-1"]
[ECO "D02"]
[WhiteElo "1581"]
[BlackElo "2004"]
[Annotator "RC"]
[PlyCount "62"]
[EventDate "2024.03.23"]
[EventType "swiss"]
[EventCountry "ESP"]
[SourceTitle "playchess.com"]
[Source "ChessBase"]
[SourceQuality "1"]
[TimeControl "5400+30"]

1. d4 Nf6 2. Bf4 e6 3. Nf3 b6 4. e3 Bb7 5. Nbd2 d5 6. Bd3 c5 7. c3 a6 8. a4 Nc6 9. O-O Ne7 10. h3 Ng6 11. Bh2 Bd6 12. Ne5 Qc7 13. Bxg6 hxg6 14. Ndf3 Ne4 15. Rc1 Rc8 16. Nd3 Bxh2+ 17. Nxh2 g5 18. f4 f6 19. Rf3 Ke7 20. Nf2 cxd4 21. exd4 gxf4 22. Nd3 g5 23. Ng4 a5 24. Ngf2 Kf7 25. b3 Qd6 26. Qe1 Qa3 27. c4 Nxf2 28. Kxf2 dxc4 29. Ra1 Qd6 30. Ne5+ fxe5 31. dxe5 Qd4+ 0-1

[Event "XVI Memorial Lezcano Montalvo 2024"]
[Site "Gran Canaria"]
[Date "2024.03.23"]
[Round "1.39"]
[White "Pleschke, Julius Jonas"]
[Black "Gavilan Ledezma, Kevin"]
[Result "1-0"]
[ECO "D07"]
[WhiteElo "1993"]
[BlackElo "1580"]
[Annotator "RC"]
[PlyCount "33"]
[EventDate "2024.03.23"]
[EventType "swiss"]
[EventCountry "ESP"]
[SourceTitle "playchess.com"]
[Source "ChessBase"]
[SourceQuality "1"]
[TimeControl "5400+30"]

1. Nf3 Nc6 2. d4 d5 3. c4 Bg4 4. cxd5 Qxd5 5. Nc3 Qd7 6. d5 Bxf3 7. exf3 Ne5 8. Qd4 Nc6 9. Qf4 Nb8 10. Be3 Nf6 11. Rd1 e6 12. Bb5 c6 13. dxc6 Qxd1+ 14. Kxd1 Nxc6 15. Bxc6+ bxc6 16. Qc7 c5 17. Qc6+ 1-0

[Event "XVI Memorial Lezcano Montalvo 2024"]
[Site "Gran Canaria"]
[Date "2024.03.23"]
[Round "1.40"]
[White "Rodriguez Trujillo, Cristian"]
[Black "Perez Garcia, Jimena"]
[Result "0-1"]
[ECO "B90"]
[WhiteElo "1573"]
[BlackElo "1992"]
[Annotator "RC"]
[PlyCount "58"]
[EventDate "2024.03.23"]
[EventType "swiss"]
[EventCountry "ESP"]
[SourceTitle "playchess.com"]
[Source "ChessBase"]
[SourceQuality "1"]
[TimeControl "5400+30"]

1. e4 c5 2. Nf3 d6 3. d4 cxd4 4. Nxd4 Nf6 5. Nc3 a6 6. Bd3 e5 7. Nf3 Be7 8. h3 O-O 9. O-O h6 10. Qe2 Be6 11. Bc4 Nc6 12. Nd5 Bxd5 13. Bxd5 Rc8 14. Bd2 Nxd5 15. exd5 Na5 16. Bc3 Nc4 17. b3 Na3 18. Qd2 e4 19. Nd4 Bg5 20. Qe1 Qc7 21. Bd2 Nxc2 22. Nxc2 Bxd2 23. Qxd2 Qxc2 24. Qb4 b5 25. Qxd6 Qd2 26. Rfd1 Qg5 27. Qxa6 e3 28. fxe3 Rc2 29. g4 Qxe3+ 0-1